 Dungeon Crawl Stone Soup version 0.21-a0-225-g207ae17 (webtiles) character file.

175 Deeps the Skirmisher (level 5, -1/35 HPs)
             Began as a Gargoyle Fighter on Aug 29, 2017.
             Slain by an adder (2 damage)
             ... on level 3 of the Dungeon.
             The game lasted 00:04:46 (2250 turns).

Deeps the Skirmisher (Gargoyle Fighter)             Turns: 2250, Time: 00:04:47

Health: -1/35      AC: 13    Str: 20    XL:     5   Next: 55%
Magic:  5/5        EV:  7    Int:  9    God:
Gold:   91         SH:  9    Dex:  9    Spells: 4/4 levels left

rFire    . . .     SeeInvis .   a - +0 war axe
rCold    . . .     Gourm    .   c - +0 shield
rNeg     + . .     Faith    .   b - +0 scale mail
rPois    ∞         Spirit   .   r - +0 helmet
rElec    +         Reflect  .   (no cloak)
rCorr    .         Harm     .   (no gloves)
MR       .....                  m - +0 pair of boots
Stlth    +.........             (no amulet)
HPRegen  0.11/turn              o - ring of stealth
MPRegen  0.09/turn              (no ring)

@: hasted, very quick
A: negative energy resistance 1, electricity resistance, unbreathing,
petrification resistance, rot immunity, AC +4
a: no special abilities


You were on level 3 of the Dungeon.
You were hungry.

You visited 1 branch of the dungeon, and saw 3 of its levels.
You also visited: Sewer.

You collected 91 gold pieces.

Inventory:

Hand Weapons
 a - a +0 war axe (weapon)
Armour
 b - a +0 scale mail (worn)
 c - a +0 shield (worn)
 m - a +0 pair of boots (worn)
 r - a +0 helmet (worn)
Jewellery
 o - a ring of stealth (left hand)
Scrolls
 k - 5 scrolls of teleportation {unknown}
 l - 4 scrolls of identify {unknown}
 n - 2 scrolls of remove curse {unknown}
 p - a scroll of enchant armour {unknown}
 q - 2 scrolls of blinking {unknown}
 s - 2 scrolls of fog {unknown}
 t - a scroll of magic mapping {unknown}
 u - 3 scrolls of fear {unknown}
Potions
 d - a potion of might
 h - a potion of brilliance {unknown}
 j - 3 potions of heal wounds {unknown}
Comestibles
 f - a bread ration
 i - 3 meat rations


   Skills:
 + Level 5.4 Fighting
 + Level 3.5 Axes
 - Level 3.2 Armour
 - Level 3.2 Shields


You had 4 spell levels left.
You didn't know any spells.

Dungeon Overview and Level Annotations

Branches:
Dungeon (3/15)

Altars:
Gozag
Sif Muna

Annotations:
D:2 Natasha
D:3 Grinder


Innate Abilities, Weirdness & Mutations

You are resistant to torment.
Your stone body is resilient. (AC +4)
You are immune to poison.
You resist negative energy. (rN+)
You are resistant to electric shocks. (rElec)
You can survive without breathing.
You are immune to petrification.
You are immune to rotting.


Message History

The adder bites you but does no damage. x2
Grinder hits you but does no damage.
You slash Grinder!
Grinder is severely wounded.
You barely miss the adder. The adder barely misses you. Grinder hits you.
* * * LOW HITPOINT WARNING * * *
You writhe in agony.
* * * LOW HITPOINT WARNING * * *
The adder bites you but does no damage. Grinder hits you.
* * * LOW HITPOINT WARNING * * *
You writhe in agony.
* * * LOW HITPOINT WARNING * * *
It was a potion of cancellation.
Your magical effects are unravelling.
You feel magically purged.
You feel a little less mighty now. You block the adder's attack.
The adder bites you but does no damage. Grinder hits you but does no damage.
It was a potion of haste.
You feel yourself speed up. The adder bites you.
You die...

#.####....##..#
#.#####
#......#### #.#
####...## .#
###.....## ..
#........###...#
#.#.......?..#
#.#.......####
..#....5†.####.
...<....@.......
.........S...####
####......).....
#.......#####
#?......#
##.....## ##....#
#.##.#


You could see Grinder and an adder.

Vanquished Creatures
  Natasha (D:2)
  A worker ant (D:3)
  Robin (D:3)
  4 adders
  A river rat (Sewer)
  A dart slug (D:2)
  3 leopard geckos (D:2)
  5 bats
  4 giant cockroaches (D:3)
  13 goblins
  7 hobgoblins
  A quokka (D:2)
  6 ball pythons
  10 frilled lizards
  6 kobolds
  10 rats
74 creatures vanquished.

Notes
Turn   | Place    | Note
-------+----------+-------------------------------------------
     0 | D:1      | Deeps the Gargoyle Fighter began the quest for the Orb.
     0 | D:1      | Reached XP level 1. HP: 14/14 MP: 1/1
   476 | D:2      | Reached XP level 2. HP: 20/20 MP: 2/2
   618 | D:2      | Reached skill level 4 in Fighting
   648 | D:2      | Reached XP level 3. HP: 24/24 MP: 3/3
  1089 | D:2      | Noticed Natasha
  1104 | D:2      | Killed Natasha
  1104 | D:2      | Reached XP level 4. HP: 8/30 MP: 4/4
  1473 | D:2      | Found an opulent altar of Gozag.
  1658 | D:2      | Noticed Natasha
  1660 | D:3      | Noticed Robin
  1694 | D:3      | Killed Robin
  1732 | D:3      | Found a glowing drain.
  1746 | D:3      | Reached skill level 5 in Fighting
  1746 | D:3      | Reached XP level 5. HP: 26/35 MP: 5/5
  1759 | Sewer    | Entered a sewer
  2194 | D:3      | Found a deep blue altar of Sif Muna.
  2235 | D:3      | Noticed Grinder
  2248 | D:3      | HP: 1/35 [Grinder (1)]
  2250 | D:3      | Slain by an adder

Vault maps used:
D:1:      dpeg_arrival_pond
D:2:      nicolae_overflow_crystal_walls, eino_tiny_chamber, minmay_lizard_king,
          uniq_natasha
D:3:      lemuel_round_altar, chequers_temple_overflow_minitemple,
          gup_sewer_entry_glass, uniq_robin, uniq_grinder
Sewer:    sewer_co_cracked_pipes

Skill      XL: |  1  2  3  4 |
---------------+-------------+-----
Axes           | 2 3 |  3.5
Fighting       | 4 5 |  5.4
Armour         | |  3.2
Shields        | |  3.2

Action                   |  1- 3 |  4- 6 || total
-------------------------+-------+-------++-------
Melee: War axe           |   131 |   140 ||   271
  Use: Potion            |       |     3 ||     3
  Eat: Bread ration      |       |     1 ||     1
Armor: Scale mail        |    68 |   114 ||   182
Dodge: Dodged            |    46 |    50 ||    96
Block: Shield            |    70 |    82 ||   152

Table legend:
 A = Spawn XP
 B = Non-spawn XP
 C = Spawn XP percentage of total XP
 D = Spawn monster count
 E = Non-spawn monster count
 F = Spawn count percentage of total count
 G = Total turns spent on level
                    A         B        C        D         E        F      G
               +---------+---------+-------+---------+---------+-------+---------
         Total |       8 |     242 |   3.2 |       4 |      70 |   5.4 |  2250
               +---------+---------+-------+---------+---------+-------+---------
           D:1 |       0 |       9 |   0.0 |       0 |       6 |   0.0 |   442
           D:2 |       8 |     101 |   7.3 |       4 |      28 |  12.5 |  1216
           D:3 |       0 |      92 |   0.0 |       0 |      21 |   0.0 |   173
         Sewer |       0 |      40 |   0.0 |       0 |      15 |   0.0 |   419
               +---------+---------+-------+---------+---------+-------+---------
